 Dungeon Crawl Stone Soup version 0.27.1-4-g1640c2035a (webtiles) character file.

Game seed: 4794179515665067363

1799 Ekaitz the Insei (level 8, -12/67 HPs)
             Began as a White Draconian Transmuter on Nov 10, 2021.
             Was an Initiate of Sif Muna.
             Mangled by Prince Ribbit (14 damage)
             ... on level 7 of the Dungeon.
             The game lasted 00:15:17 (7836 turns).

Ekaitz the Insei (White Draconian Transmuter)       Turns: 7836, Time: 00:15:17

Health: -12/67     AC:  6    Str: 19    XL:     8   Next: 83%
Magic:  12/12      EV: 14    Int: 13    God:    Sif Muna [......]
Gold:   293        SH:  0    Dex: 14    Spells: 2/12 levels left

rFire    . . .     SeeInvis .     - Unarmed
rCold    + . .     Faith    .   (no shield)
rNeg     . . .     Spirit   .   (armour unavailable)
rPois    .         Reflect  .   (helmet restricted)
rElec    .         Harm     .   (no cloak)
rCorr    .         Rampage  .   (no gloves)
Will     +....                  (no boots)
Stlth    ++........             (no amulet)
HPRegen  0.21/turn              v - ring of willpower
MPRegen  0.13/turn              C - +6 ring of strength

@: short of breath
A: breathe frost, AC +6, unfitting armour, cold resistance 1, cold-blooded
a: Breathe Frost, Renounce Religion


You were on level 7 of the Dungeon.
You worshipped Sif Muna.
Sif Muna was noncommittal.
You visited 1 branch of the dungeon, and saw 7 of its levels.
You also visited: Ossuary.

You collected 293 gold pieces.

Inventory:

Hand Weapons
 r - a +0 hunting sling
 E - a +1 whip of electrocution
Missiles
 b - 102 bolts
 c - 20 poisoned darts
 j - 120 stones
 q - 40 sling bullets
Armour
 I - a +0 pair of gloves
Jewellery
 i - a ring of protection from fire
 p - a ring of poison resistance
 v - a ring of willpower (left hand)
 C - a +6 ring of strength (right hand)
 J - an amulet of the acrobat
Wands
 D - a wand of paralysis (23)
 G - a wand of mindburst (8)
 H - a wand of acid (2)
Scrolls
 a - a scroll of blinking {unknown}
 e - 4 scrolls of magic mapping {unknown}
 f - a scroll of immolation {unknown}
 g - 3 scrolls of identify {unknown}
 h - 3 scrolls of enchant weapon {unknown}
 k - a scroll of holy word {unknown}
 m - a scroll of vulnerability {unknown}
 n - a scroll of noise {unknown}
 u - 4 scrolls of teleportation {unknown}
 w - a scroll of acquirement {unknown}
 x - a scroll of enchant armour {unknown}
 y - a scroll of summoning {unknown}
 z - 3 scrolls of amnesia {unknown}
 K - a scroll of silence {unknown}
 M - a scroll of fear {unknown}
Potions
 d - a potion of magic {unknown}
 l - 2 potions of berserk rage {unknown}
 o - 5 potions of curing {unknown}
 s - 3 potions of heal wounds {unknown}
 t - 3 potions of ambrosia {unknown}
 A - 2 potions of brilliance {unknown}
 B - a potion of haste {unknown}
 F - a potion of might {unknown}
 L - a potion of lignification {unknown}
 N - a potion of attraction {unknown}


   Skills:
 * Level 4.5 Fighting
 * Level 4.7 Dodging
 + Level 2.2 Stealth
 + Level 7.2 Unarmed Combat
 + Level 2.8 Spellcasting
 * Level 4.8 Transmutations
 * Level 3.2 Ice Magic
 + Level 1.9 Poison Magic
 * Level 0.1 Invocations


You had 2 spell levels left.
You knew the following spells:

 Your Spells              Type           Power      Damage    Failure   Level
a - Beastly Appendage     Tmut           28%        N/A       3%          1
b - Wereblood             Tmut           14%        N/A       4%          2
c - Spider Form           Tmut/Pois      5%         N/A       17%         3
d - Ice Form              Ice/Tmut       12%        N/A       41%         4

Your spell library contained the following spells:

 Spells                   Type           Power      Damage    Failure   Level
 Magic Dart               Conj           4%         1d3       24%         1
 Call Imp                 Summ           1%         N/A       34%         2
 Mephitic Cloud           Conj/Pois/Air  3%         N/A       47%         3
 Gell's Gravitas          Tloc           0%         N/A       56%         3
 Lesser Beckoning         Tloc           0%         N/A       56%         3
 Stone Arrow              Conj/Erth      2%         3d7       56%         3
 Teleport Other           Tloc           1%         N/A       56%         3
 Bolt of Magma            Conj/Fire/Erth 0%         4d4       100%        5
 Shatter                  Erth           0%         3d5*      100%        9


Dungeon Overview and Level Annotations

Branches:
Dungeon (7/15)             Temple (0/1) D:7         Ossuary (visited)

Altars:
Ashenzari
Okawaru
Ru
Sif Muna

Shops:
D:1 =   D:6 *

Annotations:
D:3 1 runed translucent door, Icepheonix32's ghost, amateur DsTm
D:7 Prince Ribbit


Innate Abilities, Weirdness & Mutations

You can breathe waves of freezing cold which knock back foes.
Your icy white scales are hard. (AC +6)
You cannot fit into any form of body armour.
Your flesh is cold resistant. (rC+)
You are cold-blooded and may be slowed by cold attacks.


Message History

Prince Ribbit is lightly wounded.
The orc warrior closely misses you. Prince Ribbit hits you!
The orc hits you with a +0 mace.
You hit Prince Ribbit. You tail-slap Prince Ribbit.
Prince Ribbit is heavily wounded.
Prince Ribbit hits you.
You hit Prince Ribbit.
Your tail-slap misses Prince Ribbit.
Prince Ribbit is heavily wounded.
Prince Ribbit hits you.
You closely miss Prince Ribbit.
Prince Ribbit is heavily wounded.
Prince Ribbit misses you.
The orc warrior hits you with a +0 broad axe!!
The orc hits you with a +0 mace. The orc hits you but does no damage.
The orc completely misses you.
Prince Ribbit croaks regally.
Prince Ribbit blinks!
The orc barely misses you.
Okay, then.
The orc warrior hits you but does no damage.
Prince Ribbit barely misses you. Prince Ribbit hits you!
* * * LOW HITPOINT WARNING * * *
Prince Ribbit closely misses you.
Found a glowing demon trident.
Prince Ribbit hits you!
* * * LOW HITPOINT WARNING * * *
Press: ? - help, Shift-Dir - straight line, f - Prince Ribbit
Aim: Prince Ribbit (heavily wounded)
You exhale a wave of freezing cold.
The freezing breath hits Prince Ribbit!
Prince Ribbit is severely wounded.
The freezing breath misses the orc warrior.
The freezing breath hits the orc warrior!
The orc warrior is moderately wounded.
The orc warrior is blown backwards by the freezing wind.
The orc barely misses you.
Prince Ribbit mumbles some strange words.
Prince Ribbit easily resists.
Unknown command.
Prince Ribbit hits you!
You die...

..... .. # #..##
.# ##. #o).##.#
##..# #.#o...#
.....###....##
#...#o.o#..##
#...o.#....##
##.>F#####..#
#....@#.....#
#...#...#....#
.....###.....###
....# #.#..###
..... #....##
......#..#..##
). ....###..#
..##.###..#..#
..###.....##...#


You could see Prince Ribbit and 2 orcs.

Vanquished Creatures
  Menkaure (D:6)
  An ice beast (D:6)
  A sky beast (D:3)
  A necrophage (D:6)
  2 ogres
  A centaur (D:6)
  A phantom (D:6)
  An elf zombie (Ossuary)
  2 bullfrogs (D:6)
  A scorpion (D:5)
  5 centaur zombies (Ossuary)
  3 orc priests
  3 hounds
  A bullfrog skeleton (D:6)
  A jelly (D:6)
  Jessica (D:2)
  2 iguanas
  3 orc wizards
  A killer bee zombie (D:6)
  2 hound zombies (Ossuary)
  4 mummies
  5 adders
  2 white imps (D:6)
  An ufetubus (D:6)
  2 adder zombies (Ossuary)
  3 dart slugs
  20 orcs
  5 ball pythons
  7 bats
  3 endoplasms
  2 giant cockroaches
  2 gnoll zombies (Ossuary)
  6 goblins
  4 hobgoblins
  2 jackals (D:2)
  A kobold (D:2)
  6 quokkas
  2 frilled lizards
  7 goblin zombies (Ossuary)
  6 hobgoblin zombies
  4 kobold zombies (Ossuary)
  2 orc zombies (Ossuary)
  2 quokka zombies (Ossuary)
  6 rats
  4 rat zombies (Ossuary)
142 creatures vanquished.

Vanquished Creatures (others)
  A bat (D:1)
1 creature vanquished.

Grand Total: 143 creatures vanquished

Notes
Turn   | Place    | Note
-------+----------+-------------------------------------------
     0 | D:1      | Ekaitz the Draconian Transmuter began the quest for the
                  | Orb.
     0 | D:1      | Reached XP level 1. HP: 16/16 MP: 3/3
   128 | D:1      | You fall into a shaft and drop 1 floor!
   309 | D:2      | Reached XP level 2. HP: 22/23 MP: 5/5
   312 | D:2      | Learned a level 2 spell: Wereblood
   725 | D:2      | Noticed Jessica
   885 | D:2      | Reached XP level 3. HP: 23/28 MP: 4/6
   896 | D:2      | Learned a level 3 spell: Spider Form
  1330 | D:1      | Found Justrimor's Jewellery Shoppe.
  1735 | D:2      | Killed Jessica
  1736 | D:2      | Reached XP level 4. HP: 35/35 MP: 7/7
  2010 | D:3      | Noticed a sky beast
  2032 | D:3      | Killed a sky beast
  2033 | D:3      | Reached skill level 4 in Unarmed Combat
  2033 | D:3      | Reached skill level 1 in Poison Magic
  2033 | D:3      | Reached XP level 5. HP: 14/41 MP: 5/8
  2354 | D:3      | Found a sacrificial altar of Ru.
  2375 | D:3      | Found an iron altar of Okawaru.
  2931 | D:3      | Noticed Icepheonix32's ghost (amateur DsTm)
  2934 | D:3      | Found a runed translucent door.
  3177 | D:4      | Reached XP level 6. HP: 37/50 MP: 9/9
  3289 | D:4      | Reached skill level 1 in Stealth
  3394 | D:4      | Found a sand-covered staircase.
  3496 | Ossuary  | Entered an ossuary
  3592 | Ossuary  | Reached skill level 5 in Unarmed Combat
  3627 | Ossuary  | Your scales start taking on an icy white colour.
  3627 | Ossuary  | Reached XP level 7. HP: 20/57 MP: 10/10
  3627 | Ossuary  | Gained mutation: Your flesh is cold resistant. (rC+) [White
                  | Draconian growth]
  3640 | Ossuary  | Learned a level 4 spell: Ice Form
  4494 | D:4      | You fall into a shaft and drop 2 floors!
  4494 | D:6      | Found a broken altar of Ashenzari.
  4562 | D:6      | Reached skill level 1 in Ice Magic
  4671 | D:6      | Found Kizukat's Neck Hole.
  4688 | D:6      | Reached skill level 6 in Unarmed Combat
  4988 | D:6      | Reached XP level 8. HP: 60/63 MP: 11/11
  5155 | D:6      | Noticed Menkaure
  5170 | D:6      | Killed Menkaure
  5559 | D:6      | Found a shimmering blue altar of Sif Muna.
  5633 | D:6      | Became a worshipper of Sif Muna the Loreminder
  5653 | D:5      | Entered Level 5 of the Dungeon
  5713 | D:5      | Reached skill level 7 in Unarmed Combat
  7809 | D:7      | Found a staircase to the Ecumenical Temple.
  7823 | D:7      | Noticed Prince Ribbit
  7834 | D:7      | HP: 1/67 [Prince Ribbit (13)]
  7836 | D:7      | Mangled by Prince Ribbit

Illustrated notes

Levels and vault maps discovered:
D:1:      elethiomel_arrival_maze, layout_loops_ring, serial_shops,
          nicolae_lakefront_shop
D:2:      layout_basic, uniq_jessica
D:3:      layout_loops_cross, nicolae_overflow_hidden_temple,
          hellmonk_ghost_happy_afterlife
D:4:      layout_basic, nicolae_ossuary_entry_giza
D:5:      layout_layer_cave, gup_sewer_entry_bowl
D:6:      layout_cave_pods, mainiacjoe_overflow_catch_the_wave, st_stairs_1,
          nicolae_shop_sticking_my_neck_out, uniq_menkaure
D:7:      layout_cave_pods, mainiacjoe_overflow_surrounded_room,
          minmay_temple_entry_arrows, uniq_prince_ribbit1

Skill      XL: |  1  2  3  4  5  6  7  8 |
---------------+-------------------------+-----
Dodging        | 2 3 4 |  4.7
Fighting       | 2 3 4 |  4.5
Unarmed Combat | 4 5 6 7 |  7.2
Transmutations | 3 4 |  4.8
Poison Magic   | 1 |  1.9
Stealth        | 1 2 |  2.2
Ice Magic      | 1 3 |  3.2
Spellcasting   | |  2.8
Invocations    | |  0.1

Action                   |  1- 3 |  4- 6 |  7- 9 || total
-------------------------+-------+-------+-------++-------
Melee: Unarmed           |   100 |   219 |   264 ||   583
       Tailslap          |    11 |    29 |    34 ||    74
       Kick              |     2 |    16 |    12 ||    30
       Headbutt          |     3 |    14 |     5 ||    22
       Punch             |       |     4 |    13 ||    17
 Cast: Beastly Appendage |     4 |     5 |     7 ||    16
       Spider Form       |       |     1 |     1 ||     2
       Wereblood         |       |     1 |     2 ||     3
 Abil: Breathe Frost     |       |       |    11 ||    11
 Stab: Sleeping          |       |     4 |     4 ||     8
Armor: Skin              |    41 |    89 |    92 ||   222
Dodge: Dodged            |    61 |   141 |   215 ||   417
